 Dungeon Crawl Stone Soup version 0.31-a0-182-gc5ef74bbde (webtiles) character file.

Game seed: 16186132757646691402

130 pokeman the Magician (level 4, -2/25 HPs)
             Began as a Deep Elf Hedge Wizard on June 20, 2023.
             Killed from afar by Sigmund (5 damage)
             ... with a puff of flame
             ... on level 3 of the Dungeon.
             The game lasted 00:05:01 (2448 turns).

pokeman the Magician (Deep Elf Hedge Wizard)        Turns: 2448, Time: 00:05:02

Health: -2/25      AC:  6    Str:  7    XL:     4   Next: 89%
Magic:  2/14       EV: 13    Int: 21    God:
Gold:   121        SH:  0    Dex: 20    Spells: 7/15 levels left

rFire   . . .        n - +1 sling (flame)
rCold   . . .        (no shield)
rNeg    . . .        b - +0 robe
rPois   .            c - +0 hat
rElec   .            (no cloak)
rCorr   .            (no gloves)
SInv    .            (no boots)
Will    .....        (no amulet)
Stlth   +++          e - +6 ring of dexterity
HPRegen 0.24/turn    g - +4 ring of protection
MPRegen 0.14/turn

%: no passive effects
@: very slightly contaminated
A: no striking features
a: no special abilities


You were on level 3 of the Dungeon.
You visited 1 branch of the dungeon, and saw 3 of its levels.

You collected 121 gold pieces.

Inventory:

Hand Weapons
 n - a +1 sling of flaming (weapon)
Armour
 a - a +0 helmet
 b - a +0 robe (worn)
 c - a +0 hat (worn)
 m - a +0 pair of gloves
Jewellery
 e - a +6 ring of dexterity (left hand)
 g - a +4 ring of protection (right hand)
Wands
 o - a wand of flame (6)
Scrolls
 h - 6 scrolls of identify {unknown}
 i - a scroll of fog {unknown}
 k - a scroll of enchant armour {unknown}
 l - a scroll of teleportation {unknown}
Potions
 d - a potion of magic
 f - a potion of mutation {unknown}
 j - a potion of berserk rage {unknown}
 p - a potion of ambrosia {unknown}


   Skills:
 - Level 1.0 Fighting
 - Level 1.0 Armour
 - Level 2.9 Dodging
 - Level 3.0 Stealth
 - Level 6.0 Spellcasting
 + Level 2.4 Conjurations
 - Level 1.1 Summonings
 - Level 1.1 Translocations


You had 7 spell levels left.
You knew the following spells:

 Your Spells              Type           Power      Damage    Failure   Level
a - Magic Dart            Conj           64%        1d6       3%          1
b - Mephitic Cloud        Conj/Pois/Air  9%         N/A       22%         3
c - Call Imp              Summ           20%        N/A       10%         2
d - Blink                 Tloc           20%        N/A       10%         2

Your spell library contained the following spells:

 Spells                   Type           Power      Damage    Failure   Level
 Slow                     Hex            24%        N/A       10%         1
 Cigotuvi's Dreadful Rot  Necr/Pois/Air  12%        N/A       14%         2
 Hailstorm                Conj/Ice       11%        3d5       19%         3
 Tukima's Dance           Hex            6%         N/A       28%         3
 Passage of Golubria      Tloc           10%        N/A       52%         4
 Ice Form                 Ice/Tmut       6%         N/A       67%         4
 Yara's Violent Unravell  Hex/Tmut       3%         3d4       95%         5
 Simulacrum               Ice/Necr       3%         N/A       100%        6


Dungeon Overview and Level Annotations

Branches:
Dungeon (3/15)

Altars:

Annotations:
D:3 Robin, Sigmund


Message History

Confirm with . or Enter, or press ? or * to list all spells.
The spell is extremely dangerous to miscast (22% risk of failure)!
Continue anyway?
Aiming: Mephitic Cloud (extremely dangerous; 22% risk of failure)
Press: ? - help, Shift-Dir - straight line, f - Sigmund
Aim: Sigmund, wielding a +0 scythe and wearing a +0 robe (chance to affect: 86%)
The ball explodes into a vile cloud!
The stinking cloud engulfs Sigmund but does no damage.
You hear a shout! x2
Sigmund is engulfed in noxious fumes.
Sigmund appears confused.
Unknown command.
Fire: n) +1 sling (flame)
Press: ? - help, Q - select action, (/) - cycle Shift-Dir - straight line, f/p - Sigmund
Aim: Sigmund, wielding a +0 scythe and wearing a +0 robe (noxious fumes, confused, 79% to hit)
You shoot a sling bullet. The sling bullet hits Sigmund.
The sling bullet burns Sigmund.
Sigmund is lightly wounded.
Sigmund is engulfed in noxious fumes.
Sigmund appears confused.
Fire: n) +1 sling (flame)
Press: ? - help, Q - select action, (/) - cycle Shift-Dir - straight line, f/p - Sigmund
Aim: Sigmund, wielding a +0 scythe and wearing a +0 robe (lightly wounded, confused, 79% to hit)
You shoot a sling bullet.
The sling bullet hits Sigmund but does no damage.
Sigmund is lightly wounded.
Sigmund drinks a potion.
Sigmund is healed!
Sigmund seems less confused.
Casting: Mephitic Cloud (extremely dangerous; 22% risk of failure)
Confirm with . or Enter, or press ? or * to list all spells.
The spell is extremely dangerous to miscast (22% risk of failure)!
Continue anyway?
Aiming: Mephitic Cloud (extremely dangerous; 22% risk of failure)
Press: ? - help, Shift-Dir - straight line, f/p - Sigmund
Aim: Sigmund, wielding a +0 scythe and wearing a +0 robe (chance to affect: 86%)
You miscast Mephitic Cloud.
You are very lightly contaminated with residual magic.
There is a short, sharp shower of sparks!
Sigmund hits you from afar with a +0 scythe!
* * * LOW HITPOINT WARNING * * *
Okay, then.
Unknown command.
Sigmund points at you and mumbles some strange words.
The puff of flame hits you.
You die...

# ###.............. #
#..).............. #
##................. #
#.................. #
#....)............. #
#.................. #
#...<.............. #
#.................. #
###.......@..........
#
#............@......)
#..................[.
#....................
#....................
#...###########.#####
#...# ... ##### ....
....


You could see Sigmund.

Vanquished Creatures
  Ijyb (D:3)
  Jessica (D:3)
  2 adders (D:2)
  A dart slug (D:1)
  An orc (D:3)
  5 bats
  4 endoplasms
  4 giant cockroaches
  5 goblins
  6 hobgoblins
  2 jackals (D:1)
  2 kobolds
  4 quokkas
  4 ball pythons
  6 rats
48 creatures vanquished.

Vanquished Creatures (collateral kills)
  A worm (D:2)
1 creature vanquished.

Grand Total: 49 creatures vanquished

Notes
Turn   | Place    | Note
-------+----------+-------------------------------------------
     0 | D:1      | pokeman the Deep Elf Hedge Wizard began the quest for the
                  | Orb.
     0 | D:1      | Reached XP level 1. HP: 10/10 MP: 7/7
   265 | D:1      | Reached XP level 2. HP: 16/16 MP: 3/9
  1026 | D:2      | Reached skill level 5 in Spellcasting
  1138 | D:2      | Reached XP level 3. HP: 20/20 MP: 5/11
  1142 | D:2      | Learned a level 3 spell: Mephitic Cloud
  1145 | D:2      | Learned a level 2 spell: Call Imp
  1148 | D:2      | Learned a level 2 spell: Blink
  1584 | D:2      | Reached skill level 1 in Armour
  1706 | D:2      | Reached skill level 1 in Fighting
  2214 | D:3      | Reached XP level 4. HP: 25/25 MP: 11/13
  2244 | D:3      | Noticed Robin
  2394 | D:3      | Noticed Jessica
  2396 | D:3      | Noticed Ijyb
  2398 | D:3      | Killed Jessica
  2418 | D:3      | Killed Ijyb
  2419 | D:3      | Reached skill level 6 in Spellcasting
  2440 | D:3      | Noticed Sigmund
  2448 | D:3      | Killed from afar by Sigmund

Illustrated notes

Levels and vault maps discovered:
D:1:      psy_arrival_basics, layout_loops_ring, minmay_crystal_room,
          minmay_box_of_dots
D:2:      layout_basic, dreamdust_mushroom_princess,
          chequers_serial_rivers_marsh
D:3:      layout_basic, serial_shops, shop, lightli_sewer_entry_pipes,
          hangedman_decor_peaks_small, uniq_sigmund, uniq_ijyb, uniq_robin,
          uniq_jessica

Skill      XL: |  1  2  3  4 |
---------------+-------------+-----
Spellcasting   | 5 6 |  6.0
Armour         | 1 |  1.0
Conjurations   | 2 |  2.4
Fighting       | 1 |  1.0
Stealth        | 3 |  3.0
Dodging        | |  2.9
Summonings     | |  1.1
Translocations | |  1.1

Action                     |  1- 3 |  4- 6 || total
---------------------------+-------+-------++-------
  Melee: Dagger            |    20 |       ||    20
   Fire: Sling             |       |    16 ||    16
   Cast: Magic Dart        |    93 |    17 ||   110
         Mephitic Cloud    |     1 |     3 ||     4
         Call Imp          |     1 |       ||     1
 Armour: Robe              |    12 |     2 ||    14
  Dodge: Dodged            |    23 |     7 ||    30

Table legend: (Time is in decaauts)
 A = Elapsed time spent in this place.
 B = Non-inter-level travel time spent in this place.
 C = Inter-level travel time spent in this place.
 D = Time resting spent in this place.
 E = Time spent auto-exploring this place.
 F = Levels seen in this place.
 G = Mean time per level.
                   A        B        C        D        E       F      G
               +--------+--------+--------+--------+--------+-----+--------+
         Total |   2457 |   2415 |     42 |     56 |   1951 |   3 |  819.0 |
       Dungeon |   2457 |   2415 |     42 |     56 |   1951 |   3 |  819.0 |
               +--------+--------+--------+--------+--------+-----+--------+

Top non-repeatable levels by time:
     D:2: 1184 daAuts
     D:1: 1022 daAuts
     D:3: 250 daAuts
